 Dungeon Crawl Stone Soup version 0.18-a0-1526-gcb34c7c (webtiles) character file.

124 GrosslyIncandescent the Insei (level 4, -1/35 HPs)
             Began as a Mummy Monk on Mar 8, 2016.
             Slain by an adder (3 damage)
             ... on level 3 of the Dungeon.
             The game lasted 00:03:54 (3729 turns).

GrosslyIncandescent the Insei (Mummy Monk)          Turns: 3729, Time: 00:03:54

Health: -1/35      AC:  0    Str: 14    XL:     4   Next: 81%
Magic:  4/4        EV: 13    Int:  9    God:
Gold:   98         SH:  0    Dex: 15    Spells: 0 memorised, 3 levels left

rFire  x . .     SeeInvis .       - Unarmed
rCold  + . .     Gourm    +     (no armour)
rNeg   + + +     Faith    .     (no shield)
rPois  ∞         Spirit   .     (no helmet)
rElec  .         Dismiss  .     (no cloak)
rCorr  .         Reflect  .     (no gloves)
SustAt .         Harm     .     (no boots)
MR     .....                    b - amulet of the gourmand
Stlth  ++........               (no ring)
                                (no ring)

@: not resistant to hostile enchantments, unstealthy
A: no food or potions, fire vulnerability, cold resistance 1, negative energy
resistance 3, torment resistance, unbreathing
a: no special abilities


You were on level 3 of the Dungeon.
You were not hungry.

You visited 1 branch of the dungeon, and saw 3 of its levels.

You collected 98 gold pieces.


Innate Abilities, Weirdness & Mutations

You do not eat or drink.
Your flesh is vulnerable to fire.
You are immune to poison.
Your flesh is cold resistant.
You are immune to negative energy.
You are immune to unholy pain and torment.
You can survive without breathing.


   Skills:
 - Level 3.0 Fighting
 - Level 2.4 Dodging
 - Level 1.5 Stealth
 + Level 5.1 Unarmed Combat


You had 3 spell levels left.
You didn't know any spells.

Inventory:

Jewellery
 b - an amulet of the gourmand (around neck)
Scrolls
 a - a scroll of remove curse {unknown}
 c - a scroll of fog {unknown}
 d - a scroll of enchant armour {unknown}
 e - a scroll of magic mapping {unknown}
 f - a scroll of enchant weapon {unknown}
 g - 2 scrolls of identify {unknown}
 h - a scroll of recharging {unknown}

Dungeon Overview and Level Annotations

Branches:
Dungeon (3/15)

Altars:
Pakellas

Annotations:
D:3 exclusion: door

▒..▒▒...........▒▒▒'▒.▒
▒▒▒.......▒'▒▒+▒▒▒▒.....▒
▒...▒▒▒▒..▒.▒▒.▒▒▒▒.....▒
▒.▒....!....▒▒..........▒
▒.▒▒▒▒▒▒..▒.....†.(.....▒
▒.▒.........▒▒†▒▒▒......▒▒
▒.▒.▒....................▒ ▒
▒.▒.▒.......▒So▒K▒▒†.(...▒ .▒▒
▒.▒.▒...▒.▒.▒M...K.......▒▒...
▒...▒.<.▒.▒..▒.▒.▒.▒..........
▒........<▒..▒.▒.▒.▒..........
▒.▒▒▒▒....▒..▒.▒..............
▒†▒ ...........▒▒▒.▒▒▒▒..▒▒▒▒▒
▒†▒▒.▒.▒▒▒▒..%.)...▒▒▒▒..▒
▒.▒....▒ ▒...........)(..▒
▒.▒............▒▒▒▒▒▒▒▒▒.▒
▒<▒.▒▒▒▒▒▒..... ▒.▒


You could see an adder, an orc and 2 kobolds.


Message History

You closely miss the hobgoblin! The bat closely misses you! x2
The hobgoblin barely misses you!
You pummel the hobgoblin like a punching bag!
The hobgoblin is heavily wounded!
The bat hits you! * * * don't die
* * * You pummel the hobgoblin like a punching bag!
You annihilate the hobgoblin!!!
The bat misses you! x2
The bat barely misses you!
Things that are here:
a club; a hobgoblin corpse The bat hits you! * * * don't die
* * * A kobold comes into view!
You see here a stone!
You squash the bat like an ant!
You annihilate the bat!!!
The kobold barely misses you! The kobold barely misses you!
The kobold hits you! * * * don't die
* * * The kobold throws a stone!
The stone barely misses you!
You see here a kobold corpse!
An adder comes into view!
The orc closely misses you!
The kobold throws a stone!
The stone hits you! * * * don't die
* * * The adder bites you! rip

Action                   |  1- 3 |  4- 6 || total
-------------------------+-------+-------++-------
Melee: Unarmed           |   204 |    42 ||   246
 Stab: Sleeping          |     6 |       ||     6

Vault maps used:
D:1:      minmay_arrival_up_and_down
D:2:      roderic_lattice_a
D:3:      minmay_door_path, tso_oasis_becter, first_bread,
          gammafunk_pakellas_spire_experiment

Notes
Turn   | Place    | Note
--------------------------------------------------------------
     0 | D:1      | GrosslyIncandescent the Mummy Monk began the quest for the Orb.
     0 | D:1      | Reached XP level 1. HP: 18/18 MP: 1/1
   113 | D:1      | Reached XP level 2. HP: 10/24 MP: 2/2
   732 | D:1      | Reached skill level 4 in Unarmed Combat
  1248 | D:1      | Reached XP level 3. HP: 29/29 MP: 3/3
  3354 | D:3      | Found an oddly glowing altar of Pakellas.
  3373 | D:3      | Reached XP level 4. HP: 16/35 MP: 4/4
  3559 | D:3      | Noticed a sphinx
  3698 | D:3      | Reached skill level 5 in Unarmed Combat
  3729 | D:3      | HP: 2/35 [kobold/stone (4)]
  3729 | D:3      | Slain by an adder

Vanquished Creatures
  A howler monkey (D:3)
  2 adders (D:3)
  An ooze (D:1)
  A worm (D:3)
  5 dart slugs
  6 bats
  3 giant cockroaches
  7 goblins
  2 hobgoblins
  4 jackals (D:1)
  A quokka (D:3)
  A ball python (D:2)
  4 giant newts
  12 kobolds
  7 rats
57 creatures vanquished.

Vanquished Creatures (others)
  A lightning spire (D:3)
  A bush (D:3)
2 creatures vanquished.

Grand Total: 59 creatures vanquished
